 Dungeon Crawl Stone Soup version 0.25.0-37-gb73750e0fb (console) character file.

Game seed: 2286596982473053575

1655 Kagalorn the Covert (level 9, 0/51 HPs)
             Began as an Octopode Ice Elementalist on July 8, 2020.
             Was a Follower of Sif Muna.
             Killed from afar by an orc wizard (3 damage)
             ... with a magic dart
             ... on level 6 of the Dungeon.
             The game lasted 00:14:00 (5463 turns).

Kagalorn the Covert (Octopode Ice Elementalist)     Turns: 5463, Time: 00:14:00

Health: 0/51       AC:  1    Str:  7    XL:     9   Next: 0%
Magic:  5/12       EV: 13    Int: 21    God:    Sif Muna [*.....]
Gold:   209        SH:  0    Dex: 12    Spells: 5/12 levels left

rFire    . . .     SeeInvis .   b - +0 dagger (elec)
rCold    . . .     Gourm    .   (no shield)
rNeg     + . .     Faith    .   (helmet restricted)
rPois    .         Spirit   .   o - amulet of regeneration
rElec    .         Reflect  .   m - ring of wizardry
rCorr    .         Harm     .   s - ring of positive energy
MR       .....                  (no ring)
Stlth    +++++.....             (no ring)
HPRegen  0.57/turn              (no ring)
MPRegen  0.13/turn              (no ring)
                                (no ring)
                                (no ring)

@: frozen ramparts
A: almost no armour, stealthy swim, amphibious, 8 rings, constrict 8, camouflage
1, gelatinous body 1
a: Channel Magic, Renounce Religion


You were on level 6 of the Dungeon.
You worshipped Sif Muna.
Sif Muna was aware of your devotion.
You were near starving.

You visited 2 branches of the dungeon, and saw 8 of its levels.

You collected 209 gold pieces.

Inventory:

Hand Weapons
 a - a +0 war axe
 b - a +0 dagger of electrocution (weapon)
 w - a +2 morningstar of protection
Missiles
 g - 167 stones
 q - 5 boomerangs (quivered)
 v - 14 bolts
Jewellery
 m - a ring of wizardry (left tentacle)
 o - an amulet of regeneration (around mantle)
 s - a ring of positive energy (right tentacle)
Wands
 A - a wand of iceblast (11)
Scrolls
 c - 5 scrolls of remove curse
 d - 3 scrolls of amnesia
 i - 2 scrolls of enchant weapon
 l - 5 scrolls of teleportation
 n - 2 scrolls of fog
 p - a scroll of fear
 r - a scroll of enchant armour {unknown}
 y - a scroll of vulnerability {unknown}
Potions
 e - a potion of resistance
 f - 4 potions of lignification
 h - 8 potions of curing
 j - 4 potions of heal wounds
 k - 2 potions of might
 t - a potion of brilliance
 u - a potion of flight {unknown}
 z - a potion of mutation {unknown}
 B - a potion of degeneration {unknown}
Comestibles
 x - 4 rations


   Skills:
 + Level 4.1 Axes
 - Level 2.0 Dodging
 + Level 9.3 Stealth
 - Level 2.0 Spellcasting
 - Level 4.0 Charms
 - Level 8.0 Ice Magic


You had 5 spell levels left.
You knew the following spells:

 Your Spells              Type           Power        Failure   Level  Hunger
a - Freeze                Ice            ####         1%          1    #......
b - Frozen Ramparts       Ice            #####.       1%          3    ###....
c - Ozocubu's Armour      Chrm/Ice       ####....     1%          3    ###....

Your spell library contained the following spells:

 Spells                   Type           Power        Failure   Level  Hunger
 Hailstorm                Conj/Ice       ###.....     12%         4    #####..
 Summon Ice Beast         Ice/Summ       ###.....     12%         4    #####..


Dungeon Overview and Level Annotations

Branches:
Dungeon (7/15)             Temple (1/1) D:4

Altars:
Ashenzari
Cheibriados
Dithmenos
Elyvilon
Fedhas
Gozag
Hepliaklqana
Kikubaaqudgha
Makhleb
Nemelex Xobeh
Okawaru
Qazlal
Ru
Sif Muna
Trog
Uskayaw
Vehumet
Wu Jian
Xom
Yredelemnul
Zin
The Shining One

Shops:
D:5 =:


Innate Abilities, Weirdness & Mutations

You cannot wear most types of armour.
You are very stealthy in the water. (Stealth+)
You are amphibious.
You can wear up to eight rings at the same time.
You can use your tentacles to constrict eight enemies at once.
Your skin changes colour to match your surroundings (Stealth+).
Your rubbery body absorbs attacks. (AC +1, EV +1)


Message History

* * * LOW HITPOINT WARNING * * *
The wall freezes something.
Sif Muna accepts your kill.
You have reached level 9!
Your experience leads to an increase in your attributes!
Increase (S)trength, (I)ntelligence, or (D)exterity?
You feel clever.
You feel a bit more experienced.
You hit the orc wizard. You grab the orc wizard.
The orc wizard is lightly wounded.
You constrict the orc wizard.
The wall freezes the orc wizard.
The orc wizard hits you with a +0 dagger.
* * * LOW HITPOINT WARNING * * *
The wall freezes the orc!
You kill the orc!
Sif Muna accepts your kill.
The wall freezes the orc wizard.
The orc wizard points at you and mumbles some strange words.
The magic dart hits you.
You die...

##.....## #.##.##.#####........
##.....# #.##.##.# #.....#.#
##.....# #.##.##.# #...<##.#
#.....# #.......# #.#.###.#
#.....# ####.#### #.......#
###.### ######.### ###.##### #.#
#........# ##+## # #.# #.####o#.#
##...## # ##.# #.####@#.#
##.....### ##..######.....>).#
##.......##
##.......##..##....####.........#
......................+.........'
##...###.##........####.........#
#...# #.###.##...## ##.......##
#...# #.# #.###..# ##.....##
#...###.# #.# #..# ##...##
#.......# #.###..# ##+##


You could see an orc wizard (fast).

Vanquished Creatures
  A yak (D:7)
  2 water moccasins
  A sky beast (D:5)
  A black bear (D:6)
  A phantom (D:5)
  A centaur (D:5)
  2 ogres
  A scorpion (D:6)
  A centaur zombie (D:6)
  5 orc priests
  A centaur skeleton (D:6)
  An iguana (D:7)
  Natasha (thrice) (D:3)
  6 orc wizards
  A worker ant (D:6)
  A hound zombie (D:5)
  A hound skeleton (D:5)
  7 adders
  6 gnolls
  An ooze (D:5)
  2 dart slugs
  2 leopard geckos
  24 orcs
  3 giant cockroaches
  2 gnoll zombies (D:2)
  10 goblins
  7 hobgoblins
  8 jackals (D:1)
  2 kobolds
  2 quokkas
  3 ball pythons
  4 bats
  4 frilled lizards
  A jackal skeleton (D:4)
  A quokka zombie (D:3)
  4 rats
123 creatures vanquished.

Notes
Turn   | Place    | Note
-------+----------+-------------------------------------------
     0 | D:1      | Kagalorn the Octopode Ice Elementalist began the quest for
                  | the Orb.
     0 | D:1      | Reached XP level 1. HP: 11/11 MP: 3/3
   146 | D:1      | Reached skill level 3 in Stealth
   194 | D:1      | Reached XP level 2. HP: 15/17 MP: 3/5
   682 | D:1      | Reached XP level 3. HP: 21/21 MP: 4/6
  1410 | D:2      | Found a basalt altar of Yredelemnul.
  1533 | D:2      | Reached skill level 4 in Stealth
  1533 | D:2      | Reached skill level 5 in Ice Magic
  1547 | D:2      | Reached XP level 4. HP: 14/27 MP: 0/7
  1779 | D:2      | Learned a level 3 spell: Frozen Ramparts
  2170 | D:3      | Reached XP level 5. HP: 26/31 MP: 4/8
  2242 | D:3      | Reached skill level 5 in Stealth
  2260 | D:3      | Reached XP level 6. HP: 21/36 MP: 2/9
  2355 | D:3      | Found a snail-covered altar of Cheibriados.
  2436 | D:3      | Noticed Natasha
  2443 | D:3      | Killed Natasha
  2512 | D:3      | Noticed Natasha
  2521 | D:3      | Killed Natasha
  2584 | D:3      | Found a faded altar of an unknown god.
  2671 | D:3      | Noticed Natasha
  2683 | D:3      | Killed Natasha
  2985 | D:4      | Found a staircase to the Ecumenical Temple.
  2992 | Temple   | Entered the Ecumenical Temple
  3190 | Temple   | Became a worshipper of Sif Muna the Loreminder
  3225 | D:4      | Reached skill level 6 in Stealth
  3249 | D:4      | Learned a level 3 spell: Ozocubu's Armour
  3340 | D:4      | Noticed a water moccasin
  3365 | D:4      | Killed a water moccasin
  3365 | D:4      | Reached skill level 1 in Charms
  3365 | D:4      | Reached XP level 7. HP: 41/41 MP: 5/10
  3703 | D:5      | Entered Level 5 of the Dungeon
  3911 | D:5      | Found Isaob's Jewellery Boutique.
  3913 | D:5      | Found Ittioq's Armour Shoppe.
  3950 | D:5      | Found Qimig's Book Boutique.
  3966 | D:5      | Reached skill level 1 in Axes
  3966 | D:5      | Reached skill level 7 in Stealth
  4026 | D:5      | Reached XP level 8. HP: 35/46 MP: 7/11
  4085 | D:5      | Reached * piety under Sif Muna
  4788 | D:6      | Reached skill level 8 in Stealth
  4934 | D:6      | Found a glowing golden altar of the Shining One.
  5401 | D:7      | Noticed a yak
  5422 | D:7      | Killed a yak
  5422 | D:7      | Reached skill level 9 in Stealth
  5455 | D:7      | Noticed a yak
  5462 | D:6      | Reached XP level 9. HP: 9/51 MP: 5/12
  5463 | D:6      | Killed from afar by an orc wizard

Illustrated notes

Levels and vault maps discovered:
D:1:      mushboom_english_gardens, layout_basic
D:2:      layout_loops_ring, lemuel_zombie_altar_yredelemnul,
          kennysheep_generic_room_9
D:3:      layout_basic, chequers_ecumenical_altar_twisty,
          kennysheep_slug_shrine, uniq_natasha
D:4:      layout_basic, minmay_temple_entry_slanted
D:5:      layout_loops_corners, first_ration, serial_shops, shop, shop, shop,
          kennysheep_mini, shop, uniq_edmund
D:6:      layout_loops_corners, tso_altar
D:7:      layout_cave_pools, ebering_ghost_rock_garden, tgw_xom, uniq_harold
Temple:   minmay_crystal_snake_temple

Skill      XL: |  1  2  3  4  5  6  7  8 |
---------------+-------------------------+-----
Stealth        | 3 4 5 6 7 9 |  9.3
Ice Magic      | 5 6 7 8 |  8.0
Charms         | 1 2 4 |  4.0
Axes           | 1 4 |  4.1
Dodging        | |  2.0
Spellcasting   | |  2.0

Action                   |  1- 3 |  4- 6 |  7- 9 || total
-------------------------+-------+-------+-------++-------
Melee: Unarmed           |    26 |     2 |       ||    28
       Constrict         |     8 |     5 |    12 ||    25
       Tentacles         |     2 |     4 |     8 ||    14
       Dagger            |       |    25 |    74 ||    99
       War axe           |       |       |    12 ||    12
Throw: Boomerang         |       |       |     4 ||     4
 Cast: Freeze            |    38 |    35 |     9 ||    82
       Frozen Ramparts   |       |     7 |    16 ||    23
       Ozocubu's Armour  |       |       |     1 ||     1
  Use: Scroll            |       |    12 |       ||    12
 Stab: Sleeping          |     4 |     8 |     8 ||    20
  Eat: Chunk             |     2 |     4 |     3 ||     9
       Ration            |       |     1 |     1 ||     2
Armor: Skin              |     1 |     5 |     4 ||    10
Dodge: Dodged            |    26 |    26 |    50 ||   102
